 Dungeon Crawl Stone Soup version 0.16.2-12-gd0ad4c3 (webtiles) character file.

210 Kloppie the Sneak (level 5, -1/24 HPs)
             Began as a Vine Stalker Enchanter on Oct 27, 2015.
             Slain by an orc priest
             ... wielding a +0 falchion
              (6 damage)
             ... on level 3 of the Dungeon.
             The game lasted 00:07:24 (2198 turns).

Kloppie the Sneak (Vine Stalker Enchanter)          Turns: 2198, Time: 00:07:24

Health: -1/24      AC:  7    Str: 10    XL:     5   Next: 87%
Magic:  0/11       EV: 12    Int: 15    God:
Gold:   125        SH:  0    Dex: 16    Spells: 3 memorised, 2 levels left

rFire  . . .     SeeInvis .     a - +1 dagger
rCold  . . .     Clarity  .     b - +1 robe
rNeg   . . .     SustAb   .     (no shield)
rPois  .         Gourm    .     (no helmet)
rElec  .         Spirit   +     (no cloak)
rCorr  .         Warding  .     n - +2 pair of gloves
rMut   .         Stasis   .     q - +0 pair of boots
MR     .....                    (no amulet)
Stlth  +++.......               (no ring)
                                (no ring)

@: not resistant to hostile enchantments, fairly stealthy
A: fangs 2, regeneration 1, magic shield, antimagic bite, no device heal 3, rot
immunity
a: no special abilities


You were on level 3 of the Dungeon.
You were hungry.

You visited 1 branch of the dungeon, and saw 3 of its levels.

You collected 125 gold pieces.

Inventory:

Hand weapons
 a - a +1 dagger (weapon)
Armour
 b - a +1 robe (worn)
 n - a +2 pair of gloves (worn)
 q - a +0 pair of boots (worn)
Jewellery
 e - an uncursed ring of see invisible {unknown}
 p - an uncursed ring of see invisible {unknown}
 s - an uncursed ring of positive energy {unknown}
Magical devices
 l - a wand of digging (6)
Scrolls
 f - 2 scrolls of recharging {unknown}
 g - 2 scrolls of teleportation {unknown}
 h - a scroll of enchant armour {unknown}
 i - a scroll of amnesia {unknown}
 k - 5 scrolls of identify {unknown}
 m - a scroll of remove curse {unknown}
 o - 2 scrolls of immolation {unknown}
Potions
 r - 2 potions of magic {unknown}
 u - a potion of poison {unknown}
 w - a potion of flight {unknown}
Books
 c - a book of Maledictions

   Spells                             Type                      Level
   a - Corona                         Hexes                        1
   b - Sure Blade                     Hexes/Charms                 2
   c - Ensorcelled Hibernation        Hexes/Ice                    2
   d - Confuse                        Hexes                        3
   e - Dazzling Spray                 Conjuration/Hexes            3
   f - Enslavement                    Hexes                        4
Comestibles
 d - 4 bread rations
 j - 3 slices of pizza
 v - 3 meat rations


   Skills:
 + Level 3.5 Short Blades
 - Level 1.5 Dodging
 + Level 6.3 Stealth
 - Level 2.1 Spellcasting
 - Level 3.0 Hexes


You had 2 spell levels left.
You knew the following spells:

 Your Spells              Type           Power        Failure   Level  Hunger
a - Corona                Hex            ##.....      8%          1    #......
b - Ensorcelled Hibernat  Hex/Ice        #.....       17%         2    ###....
c - Confuse               Hex            ##......     21%         3    ###....


Dungeon Overview and Level Annotations

Branches:
Dungeon (3/15)

Altars:

Annotations:
D:3 Grinder


Innate Abilities, Weirdness & Mutations

You have extremely sharp teeth.
Your natural rate of healing is unusually fast.
When hurt, damage is shared between your health and your magic reserves.
Your bite disrupts and absorbs the magic of your enemies.
Potions and wands cannot restore your health.
You are immune to rotting.


Message History

The orc priest closely misses you.
You hit the orc priest but do no damage.
Your bite misses the orc priest.
The orc priest is moderately wounded.
You hit the orc priest. You bite the orc priest. You drain its power.
You feel invigorated.
The orc priest is heavily wounded.
The orc priest misses you.
You closely miss the orc priest. Your bite misses the orc priest.
The orc priest is heavily wounded.
The orc priest calls down the wrath of Beogh upon you.
Something smites you!
* * * LOW HITPOINT WARNING * * *
You barely miss the orc priest.
The orc priest is heavily wounded.
The orc priest closely misses you.
You barely miss the orc priest.
The orc priest is heavily wounded.
The orc priest hits you with a falchion!
You die...

#.##########$..#
#..o@..<†...#
#..####.).#.# #.
....# # ##...#
+...# #...#
....+ #...# ###


You could see an orc priest.

Vanquished Creatures
  A scorpion (D:3)
  An orc priest (D:3)
  Jessica (D:3)
  3 adders (D:3)
  A worm (D:3)
  3 oozes (D:1)
  2 orcs (D:2)
  A ball python (D:3)
  9 goblins
  9 hobgoblins
  4 quokkas (D:2)
  11 bats
  5 giant cockroaches
  4 giant newts
  6 kobolds
  25 rats
86 creatures vanquished.

Notes
Turn   | Place    | Note
--------------------------------------------------------------
     0 | D:1      | Kloppie, the Vine Stalker Enchanter, began the quest for the Orb.
     0 | D:1      | Reached XP level 1. HP: 9/9 MP: 3/3
     6 | D:1      | Reached skill level 1 in Short Blades
    52 | D:1      | Reached skill level 4 in Stealth
    52 | D:1      | Reached XP level 2. HP: 13/13 MP: 5/5
   555 | D:1      | Reached XP level 3. HP: 16/16 MP: 7/7
   654 | D:1      | Learned a level 2 spell: Ensorcelled Hibernation
   658 | D:1      | Learned a level 3 spell: Confuse
  1232 | D:2      | Reached XP level 4. HP: 21/21 MP: 8/8
  1245 | D:2      | Reached skill level 5 in Stealth
  1844 | D:3      | Noticed Jessica
  1852 | D:3      | Killed Jessica
  1929 | D:3      | Reached XP level 5. HP: 24/24 MP: 8/11
  1934 | D:3      | Reached skill level 6 in Stealth
  2007 | D:3      | Noticed Grinder
  2198 | D:3      | Slain by an orc priest

Action                   |  1- 3 |  4- 6 || total
-------------------------+-------+-------++-------
Melee: Dagger            |   160 |   122 ||   282
 Cast: Ensorcelled Hiber |       |     3 ||     3
 Stab: Sleeping          |    10 |     6 ||    16
       Distracted        |     1 |       ||     1
  Eat: Chunk             |     1 |     3 ||     4
